 Dungeon Sprint DCSS version 0.25-a0-59-gf342c8b036 (webtiles) character file.

Game seed: 15370407318247782, levelgen mode: deterministic

20113 ponchio the Eclecticist (level 12, -5/78 HPs)
             Began as a Deep Elf Fire Elementalist on Oct 28, 2019.
             Was the Champion of Vehumet.
             Killed by the air
             ... invoked by a wind drake
              (18 damage)
             ... in the Dungeon (Sprint V: "Ziggurat Sprint").
             The game lasted 00:43:38 (2172 turns).

ponchio the Eclecticist (DEFE)                      Turns: 2172, Time: 00:43:47

Health: -5/78      AC:  5    Str: 10    XL:     12   Next: 42%
Magic:  40/43      EV: 27    Int: 48    God:    Vehumet [******]
Gold:   0          SH:  0    Dex: 22    Spells: 11/49 levels left

rFire    . . .     SeeInvis .   F - +6 Majin-Bo {vamp, Archmagi MP+6 Int+6}
rCold    . . .     Gourm    .   (shield currently unavailable)
rNeg     + . .     Faith    .   T - +1 leather armour of the Unseen Realm {Int+6}
rPois    .         Spirit   .   (no helmet)
rElec    .         Reflect  .   (no cloak)
rCorr    .         Harm     .   (no gloves)
MR       ++++.     Clarity  +   S - +0 pair of boots {Stlth+} Stlth ++++......NoTele +
                                I - amulet of the Four Winds {rN+ MR+++ Clar}
HPRegen  0.23/turn              G - ring "Titiol" {*Slow +Blink Str+5 Int+4 Dex+7}
MPRegen  0.28/turn              p - +6 ring of intelligence

@: no status effects
A: no striking features
a: Renounce Religion, Evoke Blink


You were in the Dungeon.
You worshipped Vehumet.
Vehumet was exalted by your worship.
You were not hungry.

You visited 1 branch

Inventory:

Hand Weapons
 F - the +6 Majin-Bo (weapon) {vamp, Archmagi MP+6 Int+6}
   (You found it in the Dungeon)

   It inflicts no extra harm, but heals its wielder when it wounds a living foe.
   It affects your intelligence (+6).
   It affects your magic capacity (+6).
 H - the +7 great mace "Firestarter" {inner flame, rF++}
   (You found it in the Dungeon)

   It has been specially enchanted to burn those struck by it, causing extra
   injury to most foes and up to half again as much damage against particularly
   susceptible opponents.
   It greatly protects you from fire.
 L - the +3 Elemental Staff {rElec rF++ rC++ MR++ AC+5}
   (You found it in the Dungeon)

   It affects your AC (+5).
   It greatly protects you from fire.
   It greatly protects you from cold.
   It insulates you from electricity.
   It affects your resistance to hostile enchantments.
Armour
 P - a +0 robe of cold resistance
 S - a +0 pair of boots of stealth (worn)
 T - the +1 leather armour of the Unseen Realm (worn) {Int+6}
   (You found it in the Dungeon)

   It affects your intelligence (+6).
Magical Staves
 y - an uncursed staff of energy
 C - an uncursed staff of power
 J - an uncursed staff of conjuration
 K - an uncursed staff of summoning
 N - an uncursed staff of air
 Q - an uncursed staff of fire
Jewellery
 l - an uncursed ring of flight
 m - a +6 ring of dexterity
 n - a +6 ring of dexterity
 o - a +6 ring of intelligence
 p - a +6 ring of intelligence (right hand)
 q - a +6 ring of strength
 r - a +6 ring of strength
 G - the ring "Titiol" (left hand) {*Slow +Blink Str+5 Int+4 Dex+7}
   (You found it in the Dungeon)

   [ring of strength]

   It affects your strength (+5).
   It affects your intelligence (+4).
   It affects your dexterity (+7).
   It lets you blink.
   It may slow you when you take damage.
 I - the amulet of the Four Winds (around neck) {rN+ MR+++ Clar}
   (You found it in the Dungeon)

   [amulet of nothing]

   It protects you from negative energy.
   It affects your resistance to hostile enchantments.
   It protects you against confusion.
 O - an uncursed ring of see invisible
 U - an uncursed ring of protection from cold
 V - an uncursed ring of wizardry
 W - the ring of Geov {rC+ MP+9}
   (You found it in the Dungeon)

   [ring of magical power]

   It protects you from cold.
   It affects your magic capacity (+9).
Wands
 b - a wand of disintegration (6)
 j - a wand of iceblast (4)
 k - a wand of acid (6)
Scrolls
 i - a scroll of blinking
 s - 4 scrolls of amnesia
 t - 7 scrolls of fog
 u - a scroll of holy word
 v - 5 scrolls of identify
 w - 5 scrolls of remove curse
 x - 2 scrolls of fear
 X - a scroll of brand weapon
Potions
 d - 10 potions of curing
 e - 7 potions of heal wounds
 f - 3 potions of haste
 g - 5 potions of magic
 h - 3 potions of berserk rage
 z - 2 potions of brilliance
 A - 2 potions of invisibility
 B - 4 potions of resistance
 D - 5 potions of agility
 E - 6 potions of might
Miscellaneous
 a - a fan of gales
 M - a phial of floods
 R - 2 phantom mirrors
 Y - a lamp of fire
Comestibles
 c - 6 rations


   Skills:
 - Level 10.4 Fighting
 - Level 0.2 Maces & Flails
 - Level 0.3 Armour
 - Level 16.9 Dodging
 - Level 4.2 Stealth
 - Level 19.2 Spellcasting
 - Level 16.5 Conjurations
 - Level 6.0 Summonings
 - Level 6.2 Necromancy
 + Level 11.2 Translocations
 - Level 8.1 Fire Magic


You had 11 spell levels left.
You knew the following spells:

 Your Spells              Type           Power        Failure   Level  Hunger
a - Flame Tongue          Conj/Fire      #####        0%          1    None
b - Fireball              Conj/Fire      ########..   1%          5    None
c - Orb of Destruction    Conj           ########..   1%          7    None
d - Spellforged Servitor  Conj/Summ      ########..   1%          7    None
e - Dispel Undead         Necr           ########     1%          5    None
f - Controlled Blink      Tloc           N/A          34%         8    None
g - Iskenderun's Battles  Conj/Chrm      ########     1%          5    None

Your spell library contained the following spells:

 Spells                   Type           Power        Failure   Level  Hunger
 Lightning Bolt           Conj/Air       ########..   1%          5    None
 Blink                    Tloc           N/A          0%          2    None
 Throw Flame              Conj/Fire      ######       0%          2    None
 Conjure Flame            Conj/Fire      ########     0%          3    None
 Gell's Gravitas          Tloc           ########..   0%          3    None
 Lesser Beckoning         Tloc           ########..   0%          3    None
 Teleport Other           Tloc           ########     0%          3    None
 Force Lance              Conj/Tloc      ########     0%          4    None
 Corona                   Hex            ######.      1%          1    None
 Freeze                   Ice            ####         1%          1    None
 Corpse Rot               Necr           N/A          1%          2    None
 Ensorcelled Hibernation  Hex/Ice        ######       1%          2    None
 Shroud of Golubria       Chrm/Tloc      ######       1%          2    None
 Sublimation of Blood     Necr           ########..   1%          2    None
 Throw Frost              Conj/Ice       ######       1%          2    None
 Confuse                  Hex            ######..     1%          3    None
 Dazzling Spray           Conj/Hex       ######       1%          3    None
 Inner Flame              Hex/Fire       #######.     1%          3    None
 Ozocubu's Armour         Chrm/Ice       ######..     1%          3    None
 Portal Projectile        Hex/Tloc       ######       1%          3    None
 Tukima's Dance           Hex            ######..     1%          3    None
 Passage of Golubria      Tloc           N/A          1%          4    None
 Sticky Flame             Conj/Fire      ########     1%          4    None
 Summon Ice Beast         Ice/Summ       #######.     1%          4    None
 Throw Icicle             Conj/Ice       ########     1%          4    None
 Agony                    Necr           ########     1%          5    None
 Bolt of Draining         Conj/Necr      ########..   1%          5    None
 Bolt of Magma            Conj/Fire/Erth ########..   1%          5    None
 Venom Bolt               Conj/Pois      ########..   1%          5    None
 Bolt of Fire             Conj/Fire      ########..   1%          6    None
 Dispersal                Tloc           ########..   1%          6    None
 Iron Shot                Conj/Erth      ########..   1%          6    None
 Borgnjor's Vile Clutch   Necr/Erth      #######...   4%          5    None
 Excruciating Wounds      Chrm/Necr      #######...   4%          5    None
 Cause Fear               Hex            ######....   5%          4    None
 Shadow Creatures         Summ           N/A          7%          6    None
 Silence                  Hex/Air        ######....   16%         5    None
 Disjunction              Tloc           ########..   34%         8    None
 Darkness                 Hex            ######....   63%         6    None
 Dragon Form              Tmut           ######....   99%         7    None
 Dragon's Call            Summ           ########..   100%        9    ###....


Dungeon Overview and Level Annotations

Branches:
Dungeon (1/1)

Altars:
Ashenzari
Cheibriados
Dithmenos
Elyvilon
Fedhas
Gozag
Hepliaklqana
Kikubaaqudgha
Makhleb
Nemelex Xobeh
Okawaru
Qazlal
Ru
Sif Muna
Trog
Uskayaw
Vehumet
Wu Jian
Xom
Yredelemnul
Zin
The Shining One
Beogh
Jiyva
Lugonu


Message History

You feel your power returning.
The fireball engulfs the insubstantial wisp.
The insubstantial wisp resists.
The insubstantial wisp is moderately damaged.
The fireball engulfs the spriggan air mage!!!
You kill the spriggan air mage!
Vehumet accepts your kill.
You feel your power returning.
Your Translocations skill increases to level 11!
The fireball engulfs the wind drake!!!
The wind drake is almost dead.
The spriggan air mage waves its arms in wide circles.
The air twists around and strikes you!!
* * * LOW HITPOINT WARNING * * *
Your battlesphere fires!
The barrage of energy hits the spriggan air mage!
The spriggan air mage is moderately wounded.
The wind drake flaps its wings at you. The air twists around and strikes you!!
You die...

▓.▓....▓.▓.
▓...|i}[}}..▓...©....▓.
▓......i....▓▓▓▓▓▓▓▓▓▓▓
▓...i.i.....▓...8©8...▓
...v[v.....▓..[.||...▓
....kv.v. ▓...[")...▓
▓.....▓ ▓.........▓
▓▓.*.▓▓ ▓.........▓
▓..▓..@..▓..▓.........▓
▓.....©.....▓.........▓
▓▓▓▓▓▓▓▓▓▓▓▓▓.▓..†..▓.▓
▓....8©8....▓....©....▓
▓...})[)....▓▓▓▓▓▓▓▓▓▓▓
▓...[}}.....▓...8©8...▓
▓....÷÷÷....▓..[).[)..▓
▓...........▓...(()...▓
▓...........▓...((....▓


You could see a wind drake, 4 spriggan air magi, 4 insubstantial wisps and a
friendly battlesphere.

Vanquished Creatures
  3 stone giants (D)
  A yaktaur captain (D)
  3 spriggan air magi (D)
  3 two-headed ogres (D)
  A vampire mage (D)
  An ugly thing (D)
  A shining eye (D)
  An elephant (D)
  6 cyclopes (D)
  2 spiny frogs (D)
  2 yaktaurs (D)
  2 trolls (D)
  A meliai (shapeshifter) (D)
  5 merfolk (D)
  A wind drake (shapeshifter) (D)
  3 wind drakes (D)
  A blink frog (D)
  2 slime creatures (D)
  3 air elementals (D)
  A spriggan (shapeshifter) (D)
  2 yaks (D)
  A basilisk (D)
  A vampire (D)
  A golden eye (D)
  2 neqoxecs (D)
  4 insubstantial wisps (D)
  2 floating eyes (D)
  2 orc warriors (D)
  A large abomination (D)
  A phantom (D)
  An ogre (D)
  3 necrophages (D)
  4 crocodiles (D)
  A bullfrog (D)
  2 wights (D)
  A crimson imp (D)
  3 orc priests (D)
  An orc wizard (D)
  2 jellies (D)
  An iron imp (D)
  2 white imps (D)
  2 ufetubi (D)
  An ooze (D)
  An adder zombie (D)
  An adder skeleton (D)
  A leopard gecko skeleton (D)
87 creatures vanquished.

Vanquished Creatures (collateral kills)
  2 skeletal warriors (D)
  A troll (D)
  A bat skeleton (D)
4 creatures vanquished.

Vanquished Creatures (others)
  Gastronok (D)
  4 acid blobs (D)
  6 azure jellies (D)
  Snorg (D)
  13 death oozes (D)
  Josephine (D)
  Sonja (D)
  Joseph (D)
  Psyche (D)
  Eustachio (D)
  Menkaure (D)
31 creatures vanquished.

Grand Total: 122 creatures vanquished

Notes
Turn   | Place    | Note
-------+----------+-------------------------------------------
     0 | D        | ponchio the Deep Elf Fire Elementalist began the quest for
                  | the Orb.
     0 | D        | Reached XP level 1. HP: 10/10 MP: 6/6
     1 | D        | Found a bloodstained altar of Trog.
     1 | D        | Found a shimmering blue altar of Sif Muna.
     1 | D        | Found a sacrificial altar of Ru.
     1 | D        | Found a stormy altar of Qazlal.
     1 | D        | Found an iron altar of Okawaru.
     8 | D        | Became a worshipper of Vehumet
    13 | D        | Found a sparkling altar of Nemelex Xobeh.
    14 | D        | Found the +6 Majin-Bo {vamp, Archmagi MP+6 Int+6}
    14 | D        | Found the +7 great mace "Firestarter" {inner flame, rF++}
    15 | D        | Found a corrupted altar of Lugonu.
    15 | D        | Found an ancient bone altar of Kikubaaqudgha.
    15 | D        | Found a burning altar of Makhleb.
    15 | D        | Found a transporter.
    15 | D        | Found a viscous altar of Jiyva.
    15 | D        | Found a hazy altar of Hepliaklqana.
    19 | D        | Found an opulent altar of Gozag.
    20 | D        | Found a blossoming altar of Fedhas.
    39 | D        | Found the +9 heavy crossbow "Sniper" {velocity, Acc+∞ SInv}
    39 | D        | Found the +10 dark maul {crush}
    39 | D        | Found the +15 Maxwell's patent armour {-Cast -Tele rElec
                  | MR+ rCorr}
    39 | D        | Found the +18 shield of the Gong {rElec rN+ MR+ EV-5}
    39 | D        | Found the cursed +14 obsidian axe {chop, +Fly SInv *Curse}
    41 | D        | Found the +6 shillelagh "Devastator" {shatter}
    41 | D        | Found the +11 plutonium sword {*Contam Stlth-}
    41 | D        | Found the +8 lance "Wyrmbane" {slay drac, rPois rF+ rC+
                  | AC+3}
    41 | D        | Found the +9 sword of Zonguldrok {reap}
    41 | D        | Found the cursed +13 scythe of Curses {drain, *Curse}
    41 | D        | Found the +0 sword of Power
    41 | D        | Found the +7 mace of Variability {chain chaos}
    41 | D        | Found the +7 Singing Sword {slice, sonic wave}
    41 | D        | Found the +8 storm bow {elec, penet}
    60 | D        | Entered arena 2.
    60 | D        | Noticed a floating eye
    60 | D        | Found a transporter.
    61 | D        | Found the amulet of the Four Winds {rN+ MR+++ Clar}
    62 | D        | Killed a floating eye
    62 | D        | Reached skill level 5 in Spellcasting
    62 | D        | Reached XP level 2. HP: 15/15 MP: 6/10
    62 | D        | Reached XP level 3. HP: 19/19 MP: 7/12
    62 | D        | Reached XP level 4. HP: 24/24 MP: 7/13
    62 | D        | Reached skill level 6 in Spellcasting
   137 | D        | Entered arena 3.
   137 | D        | Found a transporter.
   141 | D        | Reached * piety under Vehumet
   141 | D        | Offered knowledge of Magic Dart by Vehumet.
   227 | D        | Killed a death ooze
   235 | D        | Killed an azure jelly
   240 | D        | Killed an azure jelly
   322 | D        | Reached skill level 11 in Spellcasting
   322 | D        | Reached XP level 5. HP: 28/28 MP: 14/20
   329 | D        | Learned a level 5 spell: Fireball
   332 | D        | Killed a death ooze
   347 | D        | Killed Gastronok
   362 | D        | Entered arena 4.
   362 | D        | Noticed a necrophage
   362 | D        | Noticed a phantom
   362 | D        | Noticed a necrophage
   362 | D        | Found a transporter.
   363 | D        | Killed a necrophage
   363 | D        | Reached ** piety under Vehumet
   363 | D        | Offered knowledge of Throw Frost by Vehumet.
   363 | D        | Reached XP level 6. HP: 32/32 MP: 15/22
   363 | D        | Reached skill level 12 in Spellcasting
   365 | D        | Reached skill level 13 in Spellcasting
   365 | D        | Reached skill level 10 in Conjurations
   365 | D        | Reached XP level 7. HP: 36/36 MP: 10/25
   389 | D        | Killed a death ooze
   394 | D        | Killed a death ooze
   409 | D        | Killed an azure jelly
   451 | D        | Entered arena 5.
   451 | D        | Found a transporter.
   452 | D        | Reached *** piety under Vehumet
   455 | D        | Reached **** piety under Vehumet
   493 | D        | Killed a death ooze
   497 | D        | Entered arena 6.
   497 | D        | Noticed a merfolk
   497 | D        | Noticed a merfolk
   497 | D        | Noticed a merfolk
   497 | D        | Noticed a merfolk
   497 | D        | Noticed a merfolk
   497 | D        | Found a transporter.
   499 | D        | Killed a merfolk
   499 | D        | Killed a merfolk
   499 | D        | Reached XP level 8. HP: 48/48 MP: 19/27
   499 | D        | Killed a merfolk
   499 | D        | Reached skill level 5 in Fighting
   499 | D        | Killed a merfolk
   499 | D        | Killed a merfolk
   499 | D        | Reached ***** piety under Vehumet
   499 | D        | Reached skill level 10 in Dodging
   511 | D        | Entered arena 7.
   511 | D        | Noticed a slime creature
   511 | D        | Noticed a slime creature
   512 | D        | Found the +3 Elemental Staff {rElec rF++ rC++ MR++ AC+5}
   512 | D        | Found the +12 glaive of Prune {chop}
   512 | D        | Offered knowledge of Mephitic Cloud by Vehumet.
   513 | D        | Killed a slime creature
   513 | D        | Reached XP level 9. HP: 57/57 MP: 23/28
   515 | D        | Found a transporter.
   536 | D        | Entered arena 8.
   537 | D        | Reached ****** piety under Vehumet
   540 | D        | Found a transporter.
   585 | D        | Entered arena 9.
   585 | D        | Noticed a wind drake
   585 | D        | Noticed a shining eye
   585 | D        | Noticed a white ugly thing
   585 | D        | Noticed a meliai
   586 | D        | Killed a meliai
   586 | D        | Reached skill level 14 in Spellcasting
   587 | D        | Killed a shining eye
   588 | D        | Killed a white ugly thing
   588 | D        | Reached skill level 15 in Spellcasting
   588 | D        | Reached XP level 10. HP: 65/65 MP: 23/31
   592 | D        | Killed Menkaure
   603 | D        | Killed Sonja
   677 | D        | Found a transporter.
   711 | D        | Killed an azure jelly
   759 | D        | Entered arena 10.
   759 | D        | Noticed a cyclops
   759 | D        | Noticed a cyclops
   759 | D        | Noticed a cyclops
   759 | D        | Noticed a yaktaur captain
   759 | D        | Noticed a cyclops
   759 | D        | Noticed a cyclops
   760 | D        | Identified the +5 spear of Understanding {pierce, rPois
                  | Str+2 SInv}
   762 | D        | Killed a cyclops
   762 | D        | Offered knowledge of Dazzling Spray by Vehumet.
   762 | D        | Killed a cyclops
   763 | D        | Killed a cyclops
   763 | D        | Reached skill level 15 in Dodging
   763 | D        | Reached skill level 16 in Spellcasting
   764 | D        | Killed a cyclops
   767 | D        | Killed a cyclops
   767 | D        | Killed a yaktaur captain
   767 | D        | Reached skill level 17 in Spellcasting
   768 | D        | Found a transporter.
   790 | D        | Killed an acid blob
   904 | D        | Killed Eustachio
   923 | D        | Killed Josephine
  1037 | D        | Learned a level 7 spell: Orb of Destruction
  1045 | D        | Learned a level 7 spell: Spellforged Servitor
  1049 | D        | Entered arena 11.
  1051 | D        | Offered knowledge of Fulminant Prism by Vehumet.
  1051 | D        | Reached skill level 1 in Summonings
  1051 | D        | Reached XP level 11. HP: 69/69 MP: 27/34
  1062 | D        | Found a transporter.
  1102 | D        | Killed an acid blob
  1158 | D        | Killed Psyche
  1255 | D        | Got the ring "Titiol" {*Slow +Blink Str+5 Int+4 Dex+7}
  1373 | D        | Entered arena 12.
  1373 | D        | Identified the +2 leather armour of Minukh {Int+3}
  1373 | D        | Noticed a vampire mage
  1376 | D        | Offered knowledge of Olgreb's Toxic Radiance by Vehumet.
  1377 | D        | Noticed a skeletal warrior
  1378 | D        | Noticed a skeletal warrior
  1382 | D        | Killed a skeletal warrior
  1387 | D        | Killed a skeletal warrior
  1387 | D        | Reached skill level 5 in Summonings
  1389 | D        | Noticed a flayed ghost
  1391 | D        | Killed a death ooze
  1393 | D        | Found a transporter.
  1401 | D        | Noticed a jiangshi
  1405 | D        | Killed a vampire mage
  1405 | D        | Reached skill level 15 in Conjurations
  1478 | D        | Killed a death ooze
  1506 | D        | Killed an acid blob
  1553 | D        | Killed a death ooze
  1555 | D        | Got the +1 leather armour of the Unseen Realm {Int+6}
  1570 | D        | Killed an azure jelly
  1573 | D        | Learned a level 5 spell: Dispel Undead
  1593 | D        | Entered arena 13.
  1593 | D        | Noticed a stone giant
  1593 | D        | Noticed a two-headed ogre
  1594 | D        | Offered knowledge of Conjure Ball Lightning by Vehumet.
  1594 | D        | Noticed a two-headed ogre
  1594 | D        | Noticed a stone giant
  1594 | D        | Noticed a two-headed ogre
  1595 | D        | Killed a two-headed ogre
  1596 | D        | Noticed a stone giant
  1596 | D        | Killed a stone giant
  1596 | D        | Reached skill level 18 in Spellcasting
  1598 | D        | Killed a two-headed ogre
  1598 | D        | Reached skill level 5 in Necromancy
  1598 | D        | Killed a stone giant
  1601 | D        | Found a transporter.
  1602 | D        | Killed a stone giant
  1602 | D        | Reached skill level 10 in Fighting
  1606 | D        | Killed a two-headed ogre
  1606 | D        | Reached skill level 19 in Spellcasting
  1606 | D        | Reached XP level 12. HP: 21/77 MP: 33/37
  1743 | D        | Killed Snorg
  1770 | D        | Killed a death ooze
  1812 | D        | Killed an azure jelly
  1836 | D        | Killed Joseph
  1924 | D        | Learned a level 8 spell: Controlled Blink
  1932 | D        | Killed a death ooze
  1940 | D        | Entered arena 14.
  1942 | D        | Reached skill level 1 in Translocations
  1942 | D        | Offered knowledge of Freezing Cloud by Vehumet.
  1943 | D        | Reached skill level 5 in Translocations
  1949 | D        | Found a transporter.
  1956 | D        | Killed an acid blob
  1961 | D        | Got the ring of Geov {rC+ MP+9}
  1963 | D        | Killed a death ooze
  1983 | D        | Learned a level 5 spell: Iskenderun's Battlesphere
  2004 | D        | Killed a death ooze
  2021 | D        | Killed a death ooze
  2168 | D        | Entered arena 15.
  2169 | D        | Noticed a spriggan air mage
  2169 | D        | Noticed a spriggan air mage
  2169 | D        | Noticed a spriggan air mage
  2169 | D        | Noticed a spriggan air mage
  2170 | D        | Killed a spriggan air mage
  2170 | D        | Offered knowledge of Lightning Bolt by Vehumet.
  2170 | D        | Noticed a spriggan air mage
  2170 | D        | Identified the ring "Jiothuos" {rC+ MR+ Dex+3}
  2170 | D        | Noticed a spriggan air mage
  2171 | D        | Killed a spriggan air mage
  2171 | D        | Reached skill level 10 in Translocations
  2171 | D        | Noticed a spriggan air mage
  2172 | D        | Killed a spriggan air mage
  2172 | D        | Killed from afar by a wind drake

Levels and vault maps discovered:
D:        sprint_v [room_start, room_1, room_2, room_3, room_4, room_5, room_6,
          room_7, room_8, room_9, room_10, room_11, room_12, room_13, room_14,
          room_15, room_16, room_17, room_18, room_19, room_20, room_21,
          room_22, room_23, room_24, room_25, room_26, room_27]

Skill      XL: |  1  2  3  4  5  6  7  8  9 10 11 12 |
---------------+-------------------------------------+-----
Dodging        | 4 7 11 13 16 | 16.9
Stealth        | 4 |  4.2
Spellcasting   | 5 11 13 15 17 19 | 19.2
Fire Magic     | 7 8 |  8.1
Conjurations   | 7 8 10 12 14 16 | 16.5
Fighting       | 4 7 8 10 | 10.4
Summonings     | 1 6 |  6.0
Necromancy     | 6 |  6.2
Translocations | 11 | 11.2
Maces & Flails | |  0.2
Armour         | |  0.3

Action                   |  1- 3 |  4- 6 |  7- 9 | 10-12 || total
-------------------------+-------+-------+-------+-------++-------
Melee: Great mace        |       |     7 |       |       ||     7
       Staff             |       |       |       |     6 ||     6
 Cast: Fireball          |       |     2 |    12 |    47 ||    61
       Flame Tongue      |       |       |     1 |     1 ||     2
       Orb of Destructio |       |       |       |     2 ||     2
       Spellforged Servi |       |       |       |     1 ||     1
       Iskenderun's Batt |       |       |       |     1 ||     1
Evoke: Wand              |     1 |     2 |     2 |       ||     5
       Phial of floods   |       |       |       |     2 ||     2
       Fan of gales      |       |       |       |     1 ||     1
  Use: Potion            |       |     1 |       |     8 ||     9
       Scroll            |       |       |       |     3 ||     3
  Eat: Ration            |       |       |       |     1 ||     1
       Chunk             |       |       |       |     1 ||     1
Armor: Plate armour      |       |    23 |       |       ||    23
Dodge: Dodged            |       |       |     1 |    22 ||    23

Table legend:
 A = Non-vault XP
 B = Vault XP
 C = Vault XP percentage of total XP
 D = Non-vault monster count
 E = Vault monster count
 F = Vault count percentage of total count
                 A         B        C        D         E       F
            +---------+---------+-------+---------+---------+-------
      Total |       0 |   28572 | 100.0 |       0 |      91 | 100.0
            +---------+---------+-------+---------+---------+-------
          D |       0 |   28572 | 100.0 |       0 |      91 | 100.0
            +---------+---------+-------+---------+---------+-------
